 Dungeon Crawl Stone Soup version 0.30.0-11-gf55b779eaf (webtiles) character file.

Game seed: 13203890701437984287

6688 Chodeload the Destroyer (level 10, -4/56 HPs)
             Began as a Deep Elf Wanderer on May 17, 2023.
             Was an Initiate of Vehumet.
             Slain by a hornet (10 damage)
             ... while paralysed by a hornet
             ... on level 9 of the Dungeon.
             The game lasted 00:58:02 (9008 turns).

Chodeload the Destroyer (Deep Elf Wanderer)         Turns: 9008, Time: 00:58:02

Health: -4/56      AC:  3    Str:  5    XL:     10   Next: 73%
Magic:  2/22       EV:  2    Int: 22    God:    Vehumet [......]
Gold:   658        SH:  0    Dex: 18    Spells: 6/23 levels left

rFire   . . .        a - +1 short sword (protect)
rCold   . . .        (no shield)
rNeg    . . .        d - +0 robe
rPois   .            (no helmet)
rElec   .            (no cloak)
rCorr   .            (no gloves)
SInv    +            s - +0 pair of boots
Will    +....        S - amulet of regeneration
Stlth   ++           f - ring of see invisible
HPRegen 1.09/turn    I - +4 ring of slaying
MPRegen 0.18/turn

%: no passive effects
@: paralysed, lethally poisoned (-4 -> -5), slowed
A: no striking features
a: Renounce Religion


You were on level 9 of the Dungeon.
You worshipped Vehumet.
Vehumet was noncommittal.
You visited 2 branches of the dungeon, and saw 10 of its levels.
You also visited: Bailey.

You collected 1243 gold pieces.
You spent 585 gold pieces at shops.

Inventory:

Hand Weapons
 a - a +1 short sword of protection (weapon)
 b - a +3 hand axe of electrocution
 c - the +2 spear "Ikhev" {holy, Stlth+}
   (You found it on level 4 of the Dungeon)

   Stlth:     It makes you more stealthy.
Missiles
 r - 4 datura-tipped darts
 E - 6 atropa-tipped darts
 F - 56 poisoned darts (quivered)
 J - 23 boomerangs
 T - a curare-tipped dart
Armour
 d - a +0 robe (worn)
 s - a +0 pair of boots (worn)
Magical Staves
 g - a staff of air
 A - a staff of cold
Jewellery
 f - a ring of see invisible (left hand)
 i - an amulet of reflection
 p - a ring of resist corrosion
 I - a +4 ring of slaying (right hand)
 S - an amulet of regeneration (around neck)
Wands
 e - a wand of polymorph (30)
 z - a wand of digging (4)
 H - a wand of quicksilver (2)
 K - a wand of flame (19)
 R - a wand of paralysis (8)
Scrolls
 h - 2 scrolls of fear
 l - a scroll of teleportation
 m - 3 scrolls of blinking
 u - a scroll of noise
 v - a scroll of poison {unknown}
 x - a scroll of amnesia
 y - a scroll of magic mapping
 D - 2 scrolls of silence
 N - a scroll of enchant armour {unknown}
Potions
 j - 3 potions of curing
 k - 4 potions of ambrosia {unknown}
 n - a potion of invisibility {unknown}
 o - 2 potions of attraction
 q - 5 potions of brilliance
 t - 2 potions of might
 w - 3 potions of heal wounds
 B - 2 potions of berserk rage
 C - a potion of lignification
 G - a potion of magic
 O - a potion of haste
 P - 2 potions of flight
 Q - a potion of cancellation
Miscellaneous
 L - a piece from Xom's chessboard (15/15)
 M - a tin of tremorstones (2/2)


   Skills:
 - Level 4.0 Fighting
 - Level 1.3 Ranged Weapons
 - Level 1.0 Throwing
 - Level 5.0 Dodging
 - Level 1.2 Stealth
 - Level 7.0 Spellcasting
 - Level 11.3 Conjurations
 - Level 10.0 Hexes
 - Level 3.0 Necromancy
 - Level 3.2 Translocations
 - Level 1.4 Fire Magic
 + Level 3.3 Ice Magic
 + Level 3.0 Air Magic
 - Level 3.2 Evocations


You had 6 spell levels left.
You knew the following spells:

 Your Spells              Type           Power      Damage    Failure   Level
a - Apportation           Tloc           44%        N/A       2%          1
b - Kiss of Death         Conj/Necr      100%       2d13      1%          1
c - Searing Ray           Conj           100%       2d8       1%          2
d - Fulminant Prism       Conj/Hex       26%        3d13      1%          4
e - Cause Fear            Hex            25%        N/A       1%          4
f - Freezing Cloud        Conj/Ice/Air   16%        6-21      21%         5

Your spell library contained the following spells:

 Spells                   Type           Power      Damage    Failure   Level
 Magic Dart               Conj           100%       1d8       1%          1
 Confusing Touch          Hex            51%        N/A       1%          3
 Sublimation of Blood     Necr           21%        N/A       3%          2
 Cigotuvi's Dreadful Rot  Necr/Pois/Air  32%        N/A       5%          2
 Anguish                  Hex/Necr       18%        N/A       5%          4
 Vhi's Electric Charge    Tloc/Air       42%        N/A       7%          3
 Beastly Appendage        Tmut           14%        N/A       9%          1
 Volatile Blastmotes      Fire/Tloc      36%        2d13      10%         3
 Wereblood                Tmut           7%         N/A       12%         2
 Arcjolt                  Conj/Air       19%        1d29      12%         5
 Ignite Poison            Fire/Tmut/Pois 9%         N/A       21%         3
 Spider Form              Tmut/Pois      7%         N/A       24%         3
 Dispel Undead            Necr           21%        3d11      24%         4
 Enfeeble                 Hex            25%        N/A       75%         7
 Summon Hydra             Summ           3%         N/A       100%        7
 Maxwell's Capacitive Co  Air            10%        ∞         100%        8


Dungeon Overview and Level Annotations

Branches:
Dungeon (9/15)             Temple (1/1) D:4          Bailey (visited)
   Lair: D:8-11         Orc: D:9-12

Altars:
Ashenzari
Cheibriados
Dithmenos
Elyvilon
Fedhas
Gozag
Hepliaklqana
Kikubaaqudgha
Makhleb
Nemelex Xobeh
Okawaru
Qazlal
Ru
Sif Muna
Trog
Uskayaw
Vehumet
Wu Jian
Xom
Zin
The Shining One

Shops:
D:1 !   D:9 (

Annotations:
D:6 1 runed translucent door, exclusion: door, monsoonserge's ghost, novice MeFi
D:7 1 runed translucent door, exclusions: cyclops, door and manticore, monsoonserge's ghost, novice OgCA


Message History

The orc is heavily wounded.
You feel very sick. The hornet closely misses you.
The orc hits you from afar with a +0 trident.
An orc comes into view. It is wielding a +1 antimagic hand axe.
The hornet stings you but does no damage.
The orc misses you.
The orc moves out of view.
Throw: 57 darts (poison)
Press: ? - help, Q - select action, (/) - cycle Shift-Dir - straight line, f/p - hornet
Aim: a hornet (severely wounded, 55% to hit)
You throw a poisoned dart. The poisoned dart misses the hornet.
The poisoned dart hits the orc.
The orc looks even sicker.
The orc is almost dead.
You feel sick.
You kill the orc!
Vehumet accepts your kill. The hornet stings you.
You feel as though you will be slow longer.
The hornet closely misses you. The hornet stings you.
You feel as though you will be slow longer.
Aiming: Quicksilver Bolt
Press: ? - help, Shift-Dir - straight line, f/p - hornet
Aim: a hornet (severely wounded, 60% to hit)
The bolt of dispelling energy hits the hornet!
The hornet is almost dead.
The bolt of dispelling energy hits the orc!!
You kill the orc!
Vehumet accepts your kill.
You feel sick.
A water moccasin comes into view.
The hornet stings you.
You suddenly lose the ability to move!
The hornet stings you!
* * * LOW HITPOINT WARNING * * *
You feel as though you will be slow longer.
You feel sick. The hornet stings you!
* * * LOW HITPOINT WARNING * * *
You feel as though you will be slow longer.
The hornet stings you!
You die...

############.'##
#...........)#..
#.##########.#.. #.#
###.. #.# ### #.# ###..
#.# #.#.) #..#######.#
#.#.) .....)oy@..# ##.'##
##..).##############.....
...o) .......<......#
o..* #############.. .o.
#<# ∩. #.# . #.# #.# #.#


You could see a hornet, an orc warrior and an orc.

Vanquished Creatures
  Erica (D:8)
  A two-headed ogre (D:8)
  An orc knight (Bailey)
  An unseen horror (D:9)
  A troll (D:7)
  5 yaks (D:8)
  2 water moccasins (D:7)
  2 sky beasts
  10 orc warriors
  An ice beast (D:5)
  3 ogres
  3 centaurs
  9 kobold brigands
  4 scorpions
  3 bullfrogs
  3 howler monkeys
  2 jellies
  A hound (D:5)
  A gnoll bouda (D:7)
  2 orc priests (D:8)
  2 iguanas
  2 sleepcaps
  7 orc wizards
  Ijyb (D:3)
  A statue (D:7)
  11 gnolls
  7 adders
  A shadow imp (D:7)
  A white imp (D:7)
  A worm (D:2)
  5 dart slugs
  32 orcs
  3 bats
  9 endoplasms
  3 giant cockroaches
  12 goblins
  15 hobgoblins
  4 jackals (D:4)
  7 quokkas
  6 ball pythons
  3 frilled lizards
  33 kobolds
  7 rats
229 creatures vanquished.

Vanquished Creatures (others)
  55 fulminant prisms
55 creatures vanquished.

Grand Total: 284 creatures vanquished

Notes
Turn   | Place    | Note
-------+----------+-------------------------------------------
     0 | D:1      | Chodeload the Deep Elf Wanderer began the quest for the
                  | Orb.
     0 | D:1      | Chodeload set off with the following items: a +0 dagger, a
                  | +0 pair of boots, a potion of lignification, a +0 robe, a
                  | wand of polymorph (21); and the following spell memorised:
                  | Apportation; and the following spells available to
                  | memorise: Volatile Blastmotes.
     0 | D:1      | Reached XP level 1. HP: 10/10 MP: 5/5
    33 | D:1      | Found Kurghiubb's Distillery.
   245 | D:1      | Reached skill level 1 in Fire Magic
   248 | D:1      | Reached XP level 2. HP: 15/15 MP: 7/7
   446 | D:1      | Found a faded altar of an unknown god.
   481 | D:1      | Learned a level 1 spell: Kiss of Death
   760 | D:1      | Reached skill level 1 in Necromancy
   786 | D:1      | Reached skill level 1 in Conjurations
   827 | D:1      | Reached XP level 3. HP: 15/19 MP: 8/8
  1359 | D:2      | Reached skill level 2 in Conjurations
  1403 | D:2      | Reached XP level 4. HP: 15/24 MP: 9/9
  1443 | D:1      | Bought a potion of heal wounds for 65 gold pieces
  1729 | D:3      | Noticed Ijyb
  1736 | D:3      | Killed Ijyb
  1991 | D:4      | Noticed a scorpion
  2083 | D:1      | Bought a potion of might for 52 gold pieces
  2234 | D:3      | Found a stormy altar of Qazlal.
  2371 | D:4      | Reached skill level 1 in Fighting
  2371 | D:4      | Reached XP level 5. HP: 5/13 MP: 7/10
  2446 | D:4      | Reached skill level 1 in Ranged Weapons
  2504 | D:4      | Found a staircase to the Ecumenical Temple.
  2510 | Temple   | Entered the Ecumenical Temple
  2616 | D:4      | Identified the +2 spear "Ikhev" {holy, Stlth+}
  2794 | D:4      | Learned a level 2 spell: Searing Ray
  2891 | D:5      | Entered Level 5 of the Dungeon
  2901 | D:5      | Reached skill level 3 in Conjurations
  3088 | D:4      | Reached XP level 6. HP: 26/28 MP: 9/14
  3319 | D:3      | Reached skill level 5 in Spellcasting
  3359 | D:1      | Bought a potion of curing for 39 gold pieces
  3359 | D:1      | Bought a potion of brilliance for 52 gold pieces
  3713 | D:5      | You fall into a shaft and drop 1 floor!
  3713 | D:6      | Found a shimmering blue altar of Sif Muna.
  3835 | D:6      | Found a shadowy altar of Dithmenos.
  3839 | D:6      | Reached XP level 7. HP: 38/38 MP: 13/19
  3855 | D:6      | Learned a level 4 spell: Fulminant Prism
  3890 | D:6      | Noticed monsoonserge's ghost (novice MeFi)
  3899 | D:6      | Found a runed translucent door.
  3918 | D:6      | Reached skill level 1 in Hexes
  3964 | D:6      | Found a glowing golden altar of the Shining One.
  4042 | D:6      | Reached skill level 4 in Conjurations
  4327 | D:5      | Reached skill level 5 in Conjurations
  4521 | D:5      | Reached XP level 8. HP: 30/43 MP: 11/20
  4691 | D:5      | Reached skill level 5 in Hexes
  4788 | D:1      | Bought a potion of magic for 104 gold pieces
  5045 | D:6      | Found an opulent altar of Gozag.
  5411 | D:7      | Reached skill level 6 in Conjurations
  5475 | D:7      | Found a runed translucent door.
  5475 | D:7      | Noticed monsoonserge's ghost (novice OgCA)
  5481 | D:7      | Noticed a cyclops
  5542 | D:7      | Noticed an unseen horror
  5662 | D:7      | Noticed a troll
  5668 | D:7      | Killed a troll
  5669 | D:7      | Reached skill level 7 in Conjurations
  6071 | D:7      | Reached XP level 9. HP: 41/48 MP: 13/21
  6096 | D:7      | Learned a level 4 spell: Cause Fear
  6205 | D:7      | Noticed a manticore
  6319 | D:8      | Found a shimmering altar of Xom.
  6608 | D:8      | Noticed a two-headed ogre
  6612 | D:8      | Killed a two-headed ogre
  6613 | D:8      | Reached skill level 5 in Dodging
  6648 | D:8      | Found a flagged portal.
  6660 | Bailey   | Entered a bailey
  6847 | Bailey   | Reached skill level 10 in Hexes
  7036 | Bailey   | Noticed an orc knight
  7103 | Bailey   | Reached skill level 8 in Conjurations
  7162 | Bailey   | Killed an orc knight
  7163 | Bailey   | Reached skill level 9 in Conjurations
  7163 | Bailey   | Reached XP level 10. HP: 4/56 MP: 17/22
  7431 | Bailey   | Found a bloodstained altar of Trog.
  7524 | D:8      | Reached skill level 10 in Conjurations
  7681 | D:8      | Noticed Erica
  7698 | D:8      | Killed Erica
  7699 | D:8      | Reached skill level 11 in Conjurations
  7854 | D:7      | Found a radiant altar of Vehumet.
  7865 | D:7      | Became a worshipper of Vehumet
  7872 | D:7      | Learned a level 5 spell: Freezing Cloud
  8061 | D:1      | Bought a potion of haste for 130 gold pieces
  8061 | D:1      | Bought a potion of flight for 39 gold pieces
  8061 | D:1      | Bought a potion of cancellation for 104 gold pieces
  8564 | D:8      | Reached skill level 1 in Ice Magic
  8569 | D:8      | Reached skill level 1 in Air Magic
  8806 | D:9      | Found a sacrificial altar of Ru.
  8987 | D:9      | Found Lonuadeopp's Weapon Shoppe.
  9007 | D:9      | Paralysed by a hornet for 2 turns
  9008 | D:9      | Slain by a hornet

Illustrated notes

Levels and vault maps discovered:
D:1:      spicycebolla_arrival_xxxplode, layout_basic,
          shapermc_ecumenical_altar_venn, serial_shops, shop_statue,
          corexii_item_surrounded_by_moat, minmay_pentomino_x2
D:2:      layout_loops_cross, minivault_26
D:3:      layout_rooms, mainiacjoe_overflow_alcove_4, uniq_ijyb
D:4:      layout_rooms, minmay_temple_entry_enclosed_plants, serial_aquarium,
          aquarium_bridge_square [aquarium_subvault_wall,
          aquarium_subvault_window, aquarium_subvault_bridge,
          aquarium_subvault_bridge], aquarium_bridge_square
          [aquarium_subvault_wall, aquarium_subvault_wall,
          aquarium_subvault_bridge, aquarium_subvault_bridge],
          aquarium_window_corner, aquarium_window_corridor_3,
          aquarium_window_corner, aquarium_window_1, aquarium_view_2e,
          aquarium_balcony_1a
D:5:      layout_gridville
D:6:      layout_rooms, mainiacjoe_overflow_brackets,
          mainiacjoe_overflow_tiny_flanked, mainiacjoe_overflow_catch_the_wave,
          hellmonk_ghost_happy_afterlife
D:7:      minmay_cornered_nines, layout_loops_corners, vehumet_statue,
          gammafunk_ghost_grave, chequers_arboretum
D:8:      layout_cave_pods, kennysheep_little_box, enter_bailey_4, uniq_erica
D:9:      layout_loops_ring, nicolae_ru_great_annihilating_truth,
          lemuel_zombie_altar_yredelemnul, orc_david_3, special_room
          [special_room_orc], gammafunk_ghost_nasty_kobolds
Temple:   nicolae_temple_god_jail

Skill      XL: |  1  2  3  4  5  6  7  8  9 10 |
---------------+-------------------------------+-----
Spellcasting   | 2 4 7 |  7.0
Fire Magic     | 1 |  1.4
Necromancy     | 1 2 3 |  3.0
Conjurations   | 1 2 3 5 7 9 11 | 11.3
Fighting       | 1 2 4 |  4.0
Ranged Weapons | 1 |  1.3
Hexes          | 4 8 10 | 10.0
Dodging        | 2 5 |  5.0
Ice Magic      | 3 |  3.3
Air Magic      | 3 |  3.0
Throwing       | |  1.0
Stealth        | |  1.2
Translocations | |  3.2
Evocations     | |  3.2

Action                     |  1- 3 |  4- 6 |  7- 9 | 10-12 || total
---------------------------+-------+-------+-------+-------++-------
  Melee: Hand axe          |   100 |    68 |    43 |    22 ||   233
         Dagger            |     1 |       |       |       ||     1
         Punch             |     2 |     1 |       |       ||     3
         Short sword       |       |       |       |    11 ||    11
   Fire: Sling             |     2 |       |       |       ||     2
  Throw: Stone             |     5 |       |       |       ||     5
         Dart              |     1 |    16 |     7 |     3 ||    27
   Cast: Kiss of Death     |     1 |     7 |     1 |       ||     9
         Searing Ray       |       |    14 |    40 |     9 ||    63
         Fulminant Prism   |       |       |    34 |    21 ||    55
         Cause Fear        |       |       |     3 |     1 ||     4
  Evoke: Wand              |       |     4 |       |     1 ||     5
    Use: Scroll            |       |     5 |    11 |       ||    16
         Potion            |       |     1 |     1 |       ||     2
   Stab: Sleeping          |     6 |     3 |     3 |     1 ||    13
         Paralysed         |       |       |       |     2 ||     2
 Armour: Robe              |     2 |    17 |    13 |     9 ||    41
         Leather armour    |    11 |       |       |       ||    11
  Dodge: Dodged            |    40 |    53 |    55 |    48 ||   196
  Block: Other             |    19 |    16 |    20 |     2 ||    57
         Reflection        |       |     1 |     5 |       ||     6
